 Dungeon Crawl Stone Soup version 0.17-a0-945-g601bd79 (webtiles) character file.

172 Boomshaker the Firebug (level 5, 0/31 HPs)
             Began as a High Elf Fire Elementalist on May 6, 2015.
             Slain by an orc priest
             ... wielding a +0 falchion of electrocution
              (4 damage)
             ... on level 3 of the Dungeon.
             The game lasted 00:09:33 (2322 turns).

Boomshaker the Firebug (High Elf Fire Elementalist) Turns: 2322, Time: 00:09:33

Health: 0/31       AC:  6    Str:  7    XL:     5   Next: 27%
Magic:  7/11       EV:  8    Int: 20    God:
Gold:   159        SH:  0    Dex: 15    Spells: 3 memorised, 3 levels left

rFire  . . .     SeeInvis .     e - +0 short sword
rCold  . . .     Clarity  .     a - +1 robe
rNeg   . . .     SustAb   .     (no shield)
rPois  .         Gourm    .     (no helmet)
rElec  .         Spirit   .     (no cloak)
rCorr  .         Warding  .     g - +0 pair of gloves
rMut   .         Stasis   .     (no boots)
MR     .....                    (no amulet)
Stlth  ++........               (no ring)
                                p - +2 ring of protection

@: not resistant to hostile enchantments, unstealthy
A: no striking features
a: no special abilities


You were on level 3 of the Dungeon.
You were not hungry.

You visited 1 branch of the dungeon, and saw 3 of its levels.

You collected 159 gold pieces.

Inventory:

Hand weapons
 e - a +0 short sword (weapon)
Armour
 a - a +1 robe (worn)
 g - a +0 pair of gloves (worn)
Jewellery
 p - a +2 ring of protection (left hand)
Scrolls
 f - a scroll of identify {unknown}
 h - a scroll of enchant armour
Potions
 d - 2 potions of cancellation {unknown}
 k - 2 potions of cure mutation {unknown}
 m - a potion of heal wounds {unknown}
 n - a potion of lignification {unknown}
 q - a potion of curing {unknown}
Books
 b - a book of Flames

   Spells                             Type                      Level
   a - Flame Tongue                   Conjuration/Fire             1
   b - Throw Flame                    Conjuration/Fire             2
   c - Conjure Flame                  Conjuration/Fire             3
   d - Inner Flame                    Hexes/Fire                   3
   e - Sticky Flame                   Conjuration/Fire             4
   f - Fireball                       Conjuration/Fire             5
Comestibles
 c - 2 bread rations


   Skills:
 - Level 2.6 Dodging
 - Level 2.4 Stealth
 + Level 3.6 Spellcasting
 * Level 3.5 Conjurations
 + Level 4.0 Fire Magic


You had 3 spell levels left.
You knew the following spells:

 Your Spells              Type           Power        Failure   Level  Hunger
a - Flame Tongue          Conj/Fire      ###..        2%          1    None
b - Conjure Flame         Conj/Fire      ###.....     10%         3    ###....
c - Sticky Flame          Conj/Fire      ###.....     30%         4    ####...


Dungeon Overview and Level Annotations

Branches:
Dungeon (3/15)

Altars:
Okawaru
The Shining One


Message History

Aim: an orc priest, wielding a falchion of electrocution (heavily wounded)
The flame tongue hits the orc priest.
The orc priest is almost dead.
The orc priest hits you with a falchion of electrocution.
You are electrocuted!
Ouch! That really hurt!
* * * LOW HITPOINT WARNING * * *
Casting: Flame Tongue
Confirm with . or Enter, or press ? or * to list all spells.
Aiming: Flame Tongue
Press: ? - help, Shift-Dir - straight line, f/p - orc priest
Aim: an orc priest, wielding a falchion of electrocution (severely wounded)
The flame tongue hits the orc priest.
The orc priest appears unharmed.
The orc priest is severely wounded.
The orc priest hits you with a falchion of electrocution.
* * * LOW HITPOINT WARNING * * *
The orc wizard mumbles some strange words.
The orc wizard flickers and vanishes!
The orc priest hits you with a falchion of electrocution.
You die...

#.......##......###
#.##.##.##.###.##_#
####.##.......##...##' .#
##.......##..........#. #...#
#...[......###.####.... #...#
#..##.##.#.###.####....
#...####..##.##.#.#........)⌠.
####.........##†##........<..#...
.......o.{....{o@..#.#...........
...o.........###.#.#.....[.......
.[.....>.....# #.#.###...........
##.#.........# #.#.###........>..
#.#...#.##### #.#....)....<.....
#.#...#.# #.######..##.##...
#.#...#.# #..†......##.#####
#.#...#.# #..###.......##...
##.......# #....###.....##.##


You could see an orc priest.

Vanquished Creatures
  An orc priest (D:3)
  A worker ant (D:3)
  A gnoll (D:2)
  5 adders (D:2)
  A worm (D:3)
  5 orcs
  7 bats
  3 giant cockroaches
  7 goblins
  10 hobgoblins
  6 kobolds
  4 quokkas
  3 giant geckos
  4 giant newts
  6 rats
64 creatures vanquished.

Notes
Turn   | Place    | Note
--------------------------------------------------------------
     0 | D:1      | Boomshaker, the High Elf Fire Elementalist, began the quest for the Orb.
     0 | D:1      | Reached XP level 1. HP: 11/11 MP: 4/4
   137 | D:1      | Reached XP level 2. HP: 12/17 MP: 0/6
   687 | D:1      | Reached XP level 3. HP: 21/21 MP: 5/8
   942 | D:2      | Learned a level 3 spell: Conjure Flame
  1173 | D:2      | Found an iron altar of Okawaru.
  1296 | D:2      | Reached XP level 4. HP: 27/27 MP: 4/9
  1842 | D:3      | Learned a level 4 spell: Sticky Flame
  2016 | D:3      | Found a glowing golden altar of the Shining One.
  2088 | D:3      | Reached XP level 5. HP: 31/31 MP: 7/11
  2099 | D:3      | Reached skill level 4 in Fire Magic
  2322 | D:3      | Slain by an orc priest

Action                   |  1- 3 |  4- 6 || total
-------------------------+-------+-------++-------
Melee: Short sword       |    13 |       ||    13
 Cast: Flame Tongue      |    63 |    55 ||   118
  Use: Scroll            |       |     7 ||     7
  Eat: Chunk             |     1 |     3 ||     4
